 Dungeon Crawl Stone Soup version 0.29.0-4-gdea44cf6ec (webtiles) character file.

Game seed: 5698120007659263176

2396 qw the Grappler (level 9, -19/75 HPs)
             Began as a Ghoul Fire Elementalist on Aug 29, 2022.
             Was a Priest of Okawaru.
             Killed from afar by a lindwurm (27 damage)
             ... with a blast of flame
             ... on level 8 of the Dungeon.
             The game lasted 00:05:05 (6683 turns).

qw the Grappler (Ghoul Fire Elementalist)           Turns: 6683, Time: 00:05:05

Health: -19/75     AC: 25    Str: 11    XL:     9   Next: 46%
Magic:  11/11      EV: 10    Int: 10    God:    Okawaru [***...]
Gold:   519        SH:  5    Dex:  9    Spells: 10/11 levels left

rFire   . . .      SeeInvis +     - Unarmed
rCold   + . .      Faith    .   (no shield)
rNeg    + + +      Spirit   .   k - +12 chain mail "Ciydeoj" {rElec rPois Regen+ Str-5}
rPois   inf        Reflect  +   (no helmet)
rElec   +          Harm     .   (no cloak)
rCorr   .          Rampage  .   h - +0 pair of gloves
Will    .....                   f - +0 pair of boots
Stlth   ..........              a - amulet of reflection
HPRegen 0.00/turn               d - ring of see invisible
MPRegen 0.12/turn               e - +4 ring of evasion

@: heroic, inhibited regen
A: claws 1, cold resistance 1, negative energy resistance 3, inhibited
regeneration, torment resistance 2, devour on kill
a: Renounce Religion, Heroism


You were on level 8 of the Dungeon.
You worshipped Okawaru.
Okawaru was most pleased with you.
You visited 1 branch of the dungeon, and saw 8 of its levels.

You collected 616 gold pieces.
You spent 97 gold pieces at shops.


Innate Abilities, Weirdness & Mutations

You are immune to poison.
You have sharp fingernails.
Your flesh is cold resistant. (rC+)
You are immune to negative energy. (rN+++)
You do not regenerate when monsters are visible.
You are immune to unholy pain and torment.
You thrive by killing the living.


   Skills:
 - Level 6.1(11.1) Fighting
 - Level 1.1(6.1) Throwing
 - Level 3.0(8.0) Armour
 - Level 1.7(6.7) Dodging
 - Level 2.1(7.1) Stealth
 + Level 10.0(15.0) Unarmed Combat
 - Level 1.7 Spellcasting
 - Level 0.7 Conjurations
 - Level 2.4 Fire Magic
 - Level 4.6 Invocations


You had 10 spell levels left.
You knew the following spells:

 Your Spells              Type           Power      Damage    Failure   Level
a - Foxfire               Conj/Fire      16%        2x1d4     99%         1

Your spell library contained the following spells:

 Spells                   Type           Power      Damage    Failure   Level
 Scorch                   Fire           10%        2d6       99%         2
 Conjure Flame            Conj/Fire      4%         6-21      100%        3
 Inner Flame              Hex/Fire       3%         N/A       100%        3
 Flame Wave               Conj/Fire      4%         2d5       100%        4

Inventory:

Missiles
 q - 2 boomerangs (quivered)
Armour
 f - a +0 pair of boots (worn)
 h - a +0 pair of gloves (worn)
 k - the +12 chain mail "Ciydeoj" (worn) {rElec rPois Regen+ Str-5}
   (You found it on level 2 of the Dungeon)

   Str:       It affects your strength (-5).
   rElec:     It insulates you from electricity.
   rPois:     It protects you from poison.
   Regen:     It increases your rate of health regeneration.
Jewellery
 a - an amulet of reflection (around neck)
 d - a ring of see invisible (left hand)
 e - a +4 ring of evasion (right hand)
Scrolls
 b - a scroll of enchant weapon
 c - a scroll of identify
 m - 2 scrolls of brand weapon
Potions
 g - a potion of mutation
 i - 2 potions of heal wounds
 j - 5 potions of curing
 l - a potion of resistance
 p - a potion of haste {unknown}

Dungeon Overview and Level Annotations

Branches:
Dungeon (8/15)             Temple (0/1) D:6
   Lair: D:8-11

Altars:
Cheibriados
Makhleb
Nemelex Xobeh
Okawaru
Xom

Shops:
D:5 *


Message History

There is a stone staircase leading down here.
You climb downwards.
There is a stone staircase leading up here.
There is a stone staircase leading down here.
You climb downwards.
Found 19 gold pieces.
Found an escape hatch in the floor.
There is a stone staircase leading up here.
Existing waypoints: (1) D:6 (2) D:7 Assign waypoint to what number? (0-9, D - delete waypoint) Waypoint 2 re-assigned from D:7 to D:8.
Enter note:
Found a scroll of torment.
You now have 512 gold pieces (gained 19).
You now have 519 gold pieces (gained 7).
A lindwurm comes into view.
Found a chain mail and a slimy bronze ring.
Enter note:
Enter note:
Enter note:
6667 ||| INVOKING Heroism.
You gain the combat prowess of a mighty hero.
The lindwurm breathes flames at you. The blast of flame hits you!!
You hear a roar! x2
The lindwurm breathes flames at you. The blast of flame hits you.
The lindwurm breathes flames at you. The blast of flame misses you.
The lindwurm breathes flames at you. The blast of flame misses you.
The lindwurm breathes flames at you. The blast of flame hits you!!!
6680 ||| FLEEEEING.
6681 ||| FLEEEEING.
6682 ||| FLEEEEING.
6683 ||| FLEEEEING.
The lindwurm breathes flames at you. The blast of flame hits you!!
You die...

#....~¤~~..#. #..~~~¤¤...#
#....~¤¤¤~..## #..~~¤¤¤....#
#....¤¤¤~¤kk.##..¤~~¤¤¤...##
#....~¤~¤¤~k...~~~¤¤¤....#
#....~~~~~~~~~¤¤¤¤~~¤....#
#.#.$.~~~¤~¤¤~¤¤¤¤~~...#.#
#......¤¤¤~~~~¤~¤¤~.¤..#.#
##.#.....~¤~¤¤¤¤¤........#
#..#.....@.~~......¤#.###
##..##............##..#
##..................##
#######......#######
########


You could see 3 lindwurms.

Vanquished Creatures
  Pikel (D:5)
  Grinder (D:5)
  A steam dragon (D:7)
  A water moccasin (D:7)
  An orc warrior (D:6)
  3 black bears
  A phantom (D:7)
  A kobold brigand (D:4)
  A bullfrog (D:4)
  2 scorpions
  4 wights (D:7)
  3 howler monkeys (D:7)
  A crimson imp (D:4)
  A hound (D:5)
  A jelly (D:6)
  2 orc priests
  An orc wizard (D:6)
  Ijyb (D:5)
  7 iguanas
  5 adders
  2 shadow imps
  A dart slug (D:1)
  26 orcs
  6 ball pythons
  A bat (D:1)
  2 endoplasms (D:1)
  2 giant cockroaches
  9 goblins
  4 hobgoblins
  6 jackals
  3 kobolds
  3 quokkas
  5 frilled lizards
  4 rats
113 creatures vanquished.

Vanquished Creatures (others)
  A fungus (D:3)
  2 toadstools (D:3)
3 creatures vanquished.

Grand Total: 116 creatures vanquished

Notes
Turn   | Place    | Note
-------+----------+-------------------------------------------
     0 | D:1      | qw the Ghoul Fire Elementalist began the quest for the Orb.
     0 | D:1      | Reached XP level 1. HP: 14/14 MP: 2/2
     0 | D:1      | 0 ||| qw: Version: 0.1-a-90-g952f4b7
     0 | D:1      | 0 ||| qw: Game counter: 3920
     0 | D:1      | 0 ||| qw: Always use a shield: true
     0 | D:1      | 0 ||| qw: God list: Okawaru
     0 | D:1      | 0 ||| qw: Allow faded altars: false
     0 | D:1      | 0 ||| qw: Do Orc after D:15 true
     0 | D:1      | 0 ||| qw: Do second Lair branch before Depths: true
     0 | D:1      | 0 ||| qw: Lair rune preference: random
     0 | D:1      | 0 ||| qw: Plans: Normal
     0 | D:1      | 0 ||| PLANNING D:1-11
   147 | D:1      | Reached skill level 1 in Unarmed Combat
   382 | D:1      | Reached XP level 2. HP: 13/22 MP: 3/3
   604 | D:1      | Reached skill level 1 in Fighting
   613 | D:1      | 613 ||| Stepping ~*~*~tactically~*~*~ (hiding).
   715 | D:1      | 715 ||| Stepping ~*~*~tactically~*~*~ (hiding).
   817 | D:1      | 817 ||| Stepping ~*~*~tactically~*~*~ (hiding).
   919 | D:1      | 919 ||| Stepping ~*~*~tactically~*~*~ (hiding).
  1021 | D:1      | 1021 ||| Stepping ~*~*~tactically~*~*~ (hiding).
  1372 | D:1      | Reached skill level 2 in Unarmed Combat
  1387 | D:1      | 1387 ||| Stepping ~*~*~tactically~*~*~ (stealth).
  1540 | D:1      | Reached XP level 3. HP: 28/28 MP: 4/4
  1879 | D:1      | 1879 ||| UPGRADING to ring of see invisible.
  1880 | D:1      | 1880 ||| READING 2 scrolls labelled HIQOW DEORYHO.
  1881 | D:1      | 1881 ||| READING scroll labelled VOULOU NEDGHUO.
  1882 | D:1      | 1882 ||| READING scroll labelled UNWOCIYSIM.
  1883 | D:1      | 1883 ||| READING 2 scrolls labelled SAUCIMPUCVU.
  1884 | D:1      | 1884 ||| DRINKING 2 fuming golden potions.
  1885 | D:1      | 1885 ||| DROPPING potion of magic.
  1886 | D:1      | 1886 ||| DROPPING scroll of magic mapping.
  1887 | D:1      | 1887 ||| DROPPING scroll of blinking.
  2099 | D:2      | Found a sparkling altar of Nemelex Xobeh.
  2477 | D:2      | Identified the +12 chain mail "Ciydeoj" {rElec rPois Regen+
                  | Str-5}
  2761 | D:2      | 2761 ||| UPGRADING to +0 plate armour.
  2771 | D:2      | 2771 ||| DROPPING +0 robe.
  2772 | D:2      | 2772 ||| UPGRADING to +0 pair of boots.
  2777 | D:2      | 2777 ||| UPGRADING to +12 chain mail "Ciydeoj" {rElec rPois
                  | Regen+ Str-5}.
  2787 | D:2      | 2787 ||| DROPPING +0 plate armour.
  2788 | D:2      | 2788 ||| READING scroll labelled IRASIA BANA.
  2792 | D:2      | 2792 ||| READING scroll labelled LYTUUH XOLE.
  2793 | D:2      | 2793 ||| READING scroll labelled QEKEV ZODYFRY.
  2847 | D:3      | Found a faded altar of an unknown god.
  2878 | D:3      | 2878 ||| Stepping ~*~*~tactically~*~*~ (outnumbered).
  3175 | D:3      | 3175 ||| Stepping ~*~*~tactically~*~*~ (stealth).
  3191 | D:3      | Reached skill level 3 in Unarmed Combat
  3518 | D:3      | 3518 ||| UPGRADING to amulet of reflection.
  3523 | D:3      | 3523 ||| DROPPING ring of wizardry.
  3538 | D:4      | 3538 ||| STAIRDANCE
  3542 | D:3      | Reached skill level 1 in Armour
  3551 | D:4      | Reached XP level 4. HP: 35/35 MP: 5/5
  3582 | D:4      | 3582 ||| Stepping ~*~*~tactically~*~*~ (stealth).
  3593 | D:4      | 3593 ||| Stepping ~*~*~tactically~*~*~ (stealth).
  3594 | D:4      | 3594 ||| Stepping ~*~*~tactically~*~*~ (stealth).
  3595 | D:4      | 3595 ||| Stepping ~*~*~tactically~*~*~ (stealth).
  3621 | D:4      | 3621 ||| Stepping ~*~*~tactically~*~*~ (hiding).
  3625 | D:4      | 3625 ||| Stepping ~*~*~tactically~*~*~ (outnumbered).
  3639 | D:4      | Reached skill level 4 in Unarmed Combat
  3704 | D:4      | Reached XP level 5. HP: 34/42 MP: 6/6
  3720 | D:4      | Found an iron altar of Okawaru.
  3736 | D:4      | Became a worshipper of Warmaster Okawaru
  3798 | D:4      | Noticed a kobold brigand
  3818 | D:4      | Killed a kobold brigand
  3819 | D:4      | Reached skill level 5 in Unarmed Combat
  3819 | D:4      | Reached XP level 6. HP: 36/49 MP: 7/7
  3843 | D:4      | Found a snail-covered altar of Cheibriados.
  3862 | D:4      | 3862 ||| READING scroll labelled DATWOM SEQUO.
  4038 | D:4      | Found a burning altar of Makhleb.
  4038 | D:4      | Found a shimmering altar of Xom.
  4060 | D:4      | 4060 ||| READING scroll labelled VUPEKYWIQ.
  4061 | D:4      | 4061 ||| READING 4 scrolls of identify.
  4061 | D:4      | 4061 ||| IDENTIFYING fuming sapphire potion
  4062 | D:4      | 4062 ||| READING 3 scrolls of identify.
  4062 | D:4      | 4062 ||| IDENTIFYING sedimented pink potion
  4063 | D:4      | 4063 ||| READING 2 scrolls of identify.
  4063 | D:4      | 4063 ||| IDENTIFYING glowing ruby potion
  4064 | D:4      | 4064 ||| DROPPING potion of invisibility.
  4065 | D:4      | 4065 ||| DROPPING potion of attraction.
  4066 | D:4      | 4066 ||| DROPPING potion of lignification.
  4080 | D:5      | Entered Level 5 of the Dungeon
  4104 | D:5      | 4104 ||| Stepping ~*~*~tactically~*~*~ (outnumbered).
  4105 | D:5      | 4105 ||| Stepping ~*~*~tactically~*~*~ (outnumbered).
  4107 | D:5      | 4107 ||| Stepping ~*~*~tactically~*~*~ (outnumbered).
  4156 | D:5      | 4156 ||| Stepping ~*~*~tactically~*~*~ (stealth).
  4160 | D:5      | Reached skill level 6 in Unarmed Combat
  4166 | D:5      | 4166 ||| Stepping ~*~*~tactically~*~*~ (stealth).
  4173 | D:5      | Reached skill level 3 in Fighting
  4207 | D:5      | Noticed a black bear
  4220 | D:5      | Killed a black bear
  4220 | D:5      | Reached * piety under Okawaru
  4221 | D:5      | Reached XP level 7. HP: 57/57 MP: 8/8
  4249 | D:5      | 4249 ||| INVOKING Heroism.
  4250 | D:5      | 4250 ||| INVOKING Heroism.
  4251 | D:5      | 4251 ||| Stepping ~*~*~tactically~*~*~ (outnumbered).
  4257 | D:5      | Reached skill level 7 in Unarmed Combat
  4306 | D:5      | Reached skill level 1 in Invocations
  4330 | D:5      | Noticed Ijyb
  4331 | D:5      | 4331 ||| INVOKING Heroism.
  4345 | D:5      | 4345 ||| INVOKING Heroism.
  4347 | D:5      | Killed Ijyb
  4391 | D:5      | 4391 ||| INVOKING Heroism.
  4405 | D:5      | 4405 ||| INVOKING Heroism.
  4406 | D:5      | 4406 ||| INVOKING Heroism.
  4455 | D:5      | Noticed Pikel
  4456 | D:5      | 4456 ||| INVOKING Heroism.
  4465 | D:5      | Noticed Grinder
  4478 | D:5      | 4478 ||| INVOKING Heroism.
  4481 | D:5      | Killed Pikel
  4481 | D:5      | Reached ** piety under Okawaru
  4482 | D:5      | Reached skill level 8 in Unarmed Combat
  4482 | D:5      | Reached XP level 8. HP: 51/63 MP: 6/10
  4487 | D:5      | 4487 ||| Stepping ~*~*~tactically~*~*~ (hiding).
  4494 | D:5      | Paralysed by Grinder for 3 turns
  4498 | D:5      | 4498 ||| INVOKING Heroism.
  4500 | D:5      | Killed Grinder
  4561 | D:5      | Found Turuta's General Store.
  4576 | D:5      | 4576 ||| BUYING +0 pair of gloves (58 gold).
  4576 | D:5      | Bought a +0 pair of gloves for 58 gold pieces
  4576 | D:5      | 4576 ||| BUYING potion of curing (39 gold).
  4576 | D:5      | Bought a potion of curing for 39 gold pieces
  4685 | D:5      | 4685 ||| UPGRADING to +0 pair of gloves.
  4690 | D:5      | 4690 ||| UPGRADING to +4 ring of evasion.
  4818 | D:6      | 4818 ||| INVOKING Heroism.
  5013 | D:6      | 5013 ||| Stepping ~*~*~tactically~*~*~ (hiding).
  5016 | D:6      | 5016 ||| INVOKING Heroism.
  5017 | D:6      | 5017 ||| DRINKING 5 potions of curing.
  5017 | D:6      | 5017 ||| (to cure confusion)
  5137 | D:6      | 5137 ||| Stepping ~*~*~tactically~*~*~ (stealth).
  5138 | D:6      | 5138 ||| Stepping ~*~*~tactically~*~*~ (stealth).
  5140 | D:6      | 5140 ||| Stepping ~*~*~tactically~*~*~ (stealth).
  5142 | D:6      | 5142 ||| Stepping ~*~*~tactically~*~*~ (stealth).
  5146 | D:6      | 5146 ||| INVOKING Heroism.
  5152 | D:6      | 5152 ||| Stepping ~*~*~tactically~*~*~ (stealth).
  5157 | D:6      | 5157 ||| Stepping ~*~*~tactically~*~*~ (outnumbered).
  5169 | D:6      | 5169 ||| Stepping ~*~*~tactically~*~*~ (stealth).
  5181 | D:6      | Reached skill level 9 in Unarmed Combat
  5205 | D:6      | 5205 ||| INVOKING Heroism.
  5416 | D:6      | Reached XP level 9. HP: 74/74 MP: 11/11
  5421 | D:6      | Found a staircase to the Ecumenical Temple.
  5519 | D:6      | 5519 ||| READING scroll labelled VYHIVON MUISON.
  5520 | D:6      | 5520 ||| READING scroll labelled EZUGIJ GUSESKYSHYC.
  5521 | D:6      | 5521 ||| DRINKING 2 white potions.
  5522 | D:6      | 5522 ||| READING 2 scrolls of identify.
  5522 | D:6      | 5522 ||| IDENTIFYING smoky brown potion
  5568 | D:6      | 5568 ||| Stepping randomly (stuck).
  5633 | D:7      | 5633 ||| Stepping ~*~*~tactically~*~*~ (stealth).
  5645 | D:7      | 5645 ||| Stepping ~*~*~tactically~*~*~ (outnumbered).
  5646 | D:7      | 5646 ||| Stepping ~*~*~tactically~*~*~ (outnumbered).
  5647 | D:7      | 5647 ||| Stepping ~*~*~tactically~*~*~ (outnumbered).
  6041 | D:7      | 6041 ||| Stepping ~*~*~tactically~*~*~ (hiding).
  6165 | D:7      | Reached *** piety under Okawaru
  6260 | D:7      | Reached skill level 10 in Unarmed Combat
  6272 | D:7      | Reached skill level 1 in Throwing
  6347 | D:7      | 6347 ||| Stepping ~*~*~tactically~*~*~ (stealth).
  6359 | D:7      | 6359 ||| Stepping ~*~*~tactically~*~*~ (stealth).
  6374 | D:7      | 6374 ||| Stepping ~*~*~tactically~*~*~ (outnumbered).
  6375 | D:7      | 6375 ||| Stepping ~*~*~tactically~*~*~ (outnumbered).
  6376 | D:7      | 6376 ||| Stepping ~*~*~tactically~*~*~ (outnumbered).
  6377 | D:7      | 6377 ||| Stepping ~*~*~tactically~*~*~ (outnumbered).
  6378 | D:7      | 6378 ||| Stepping ~*~*~tactically~*~*~ (outnumbered).
  6379 | D:7      | 6379 ||| Stepping ~*~*~tactically~*~*~ (outnumbered).
  6381 | D:7      | 6381 ||| Stepping ~*~*~tactically~*~*~ (outnumbered).
  6382 | D:7      | 6382 ||| Stepping ~*~*~tactically~*~*~ (outnumbered).
  6383 | D:7      | 6383 ||| Stepping ~*~*~tactically~*~*~ (outnumbered).
  6386 | D:7      | 6386 ||| Stepping ~*~*~tactically~*~*~ (outnumbered).
  6387 | D:7      | 6387 ||| Stepping ~*~*~tactically~*~*~ (outnumbered).
  6388 | D:7      | 6388 ||| Stepping ~*~*~tactically~*~*~ (outnumbered).
  6389 | D:7      | 6389 ||| Stepping ~*~*~tactically~*~*~ (outnumbered).
  6390 | D:7      | 6390 ||| Stepping ~*~*~tactically~*~*~ (outnumbered).
  6399 | D:7      | Reached skill level 3 in Armour
  6523 | D:7      | 6523 ||| INVOKING Heroism.
  6524 | D:7      | 6524 ||| DROPPING ring of magical power.
  6531 | D:7      | Reached skill level 6 in Fighting
  6583 | D:7      | 6583 ||| DROPPING scarf of shadows.
  6584 | D:7      | 6584 ||| READING scroll labelled IGORISKEALO.
  6585 | D:7      | 6585 ||| READING 2 scrolls of identify.
  6585 | D:7      | 6585 ||| IDENTIFYING murky pink potion
  6586 | D:7      | 6586 ||| DROPPING potion of degeneration.
  6610 | D:6      | 6610 ||| Stepping randomly (stuck).
  6666 | D:8      | Noticed a lindwurm
  6667 | D:8      | 6667 ||| INVOKING Heroism.
  6672 | D:8      | Noticed a lindwurm
  6673 | D:8      | Noticed a lindwurm
  6679 | D:8      | HP: 8/75 [lindwurm/blast of flame (36)]
  6680 | D:8      | 6680 ||| FLEEEEING.
  6681 | D:8      | 6681 ||| FLEEEEING.
  6682 | D:8      | 6682 ||| FLEEEEING.
  6683 | D:8      | 6683 ||| FLEEEEING.
  6683 | D:8      | Killed from afar by a lindwurm

Levels and vault maps discovered:
D:1:      dpeg_arrival_leaves_temple_mockup, layout_loops_ring
D:2:      layout_loops_corners, basic_altar, nrook_mini_vaults
D:3:      layout_basic, nicolae_ecumenical_oubliette, minmay_gold_behind_fungi
D:4:      layout_gridville, grunt_temple_overflow_champion_of_chaos,
          mainiacjoe_overflow_alcove_4, amcnicky_altar_gilded,
          kennysheep_generic_room_12
D:5:      layout_rooms, lemuel_round_altar, serial_shops, shop, uniq_grinder,
          uniq_pikel, uniq_ijyb
D:6:      layout_gridville, minmay_temple_entry_from_below_a,
          supply_closet_lemuel
D:7:      layout_basic
D:8:      cheibrodos_histonic, layout_rooms, kennysheep_mini,
          yredelemnul_forgotten_temple_becter, minivault_1, minivault_24,
          minmay_lindwurm_lava

Skill      XL: |  1  2  3  4  5  6  7  8  9 |
---------------+----------------------------+-----
Unarmed Combat | 1 2 3 4 5 6 8 9 10 | 10.0
Fighting       | 1 2 3 5 6 |  6.1
Armour         | 1 2 3 |  3.0
Invocations    | 4 |  4.6
Throwing       | 1 |  1.1
Dodging        | |  1.7
Stealth        | |  2.1
Spellcasting   | |  1.7
Conjurations   | |  0.7
Fire Magic     | |  2.4

Action                   |  1- 3 |  4- 6 |  7- 9 || total
-------------------------+-------+-------+-------++-------
Melee: Unarmed           |   158 |   183 |   239 ||   580
       Punch             |     4 |     6 |    12 ||    22
Throw: Javelin           |     3 |       |       ||     3
       Boomerang         |       |       |    24 ||    24
Invok: Heroism           |       |       |    14 ||    14
  Use: Scroll            |     7 |     5 |     5 ||    17
       Potion            |     1 |       |     2 ||     3
 Stab: Invisible         |       |     1 |       ||     1
Armor: Robe              |    18 |       |       ||    18
       Chain mail        |    51 |   120 |   138 ||   309
Dodge: Dodged            |    46 |    17 |    52 ||   115
Block: Other             |       |    30 |    26 ||    56
       Reflection        |       |     1 |       ||     1

Table legend:
 A = Non-vault XP
 B = Vault XP
 C = Vault XP percentage of total XP
 D = Non-vault monster count
 E = Vault monster count
 F = Vault count percentage of total count
                 A         B        C        D         E       F
            +---------+---------+-------+---------+---------+-------
      Total |    2460 |     963 |  28.1 |     108 |       5 |   4.4
            +---------+---------+-------+---------+---------+-------
        D:1 |      35 |       0 |   0.0 |      20 |       0 |   0.0
        D:2 |      10 |       0 |   0.0 |       6 |       0 |   0.0
        D:3 |      34 |       0 |   0.0 |      12 |       0 |   0.0
        D:4 |     299 |      53 |  15.1 |      19 |       2 |   9.5
        D:5 |     546 |     910 |  62.5 |      21 |       3 |  12.5
        D:6 |     499 |       0 |   0.0 |      16 |       0 |   0.0
        D:7 |    1037 |       0 |   0.0 |      14 |       0 |   0.0
            +---------+---------+-------+---------+---------+-------
